[Event "January 2 Late 2024"]
[Site "https://www.chess.com"]
[Date "2024.01.02"]
[Round "1"]
[White "Wendt, Jan-Dietrich"]
[Black "Atanasov, Anthony"]
[Result "0-1"]
[Board "152"]
[TimeControl "180+1"]
[WhiteFideId "4623797"]
[BlackFideId "2623897"]
[WhiteElo "2324"]
[BlackElo "2644"]
[WhiteTeam "GER"]
[BlackTeam "CAN"]
[WhiteClock "0:00:31"]
[BlackClock "0:00:06"]

1. Nf3 d5 2. c4 d4 3. g3 Nc6 4. Bg2 e5 5. d3 Nf6 6. O-O Bc5 7. b4 Bxb4 8. Nxe5 Nxe5 9. Qa4+ Bd7 10. Qxb4 Bc6 11. Bxc6+ bxc6 12. Ba3 Ned7 13. Qa4 Rb8 14. Nd2 Qc8 15. Nf3 c5 16. Bxc5 c6 17. Bxd4 c5 18. Be5 Rb6 19. Bxf6 Ra6 20. Qb5 Rb6 21. Qa5 Ra6 22. Qc3 Rxf6 23. Rab1 O-O 24. Rb5 Qa6 25. Ra5 Qe6 26. Rxa7 Qxe2 27. Rxd7 Rxf3 28. Rd5 h5 29. h4 Ra8 30. Rg5 f6 31. Rxc5 Rxg3+ 32. fxg3 Qg4 33. d4 Rxa2 34. Qf3 Qxd4+ 35. Rf2 Qxc5 36. Kg2 Rxf2+ 37. Qxf2 Qxc4 38. Qf3 Qf7 39. Kh2 Kh7 40. Qe4+ Qg6 41. Qf3 Kh6 42. Kg2 Kh7 43. Qf4 Qc2+ 44. Kh3 Kg6 45. Qf3 Qf5+ 46. Qxf5+ Kxf5 47. Kg2 Kg4 48. Kf2 g6 49. Kg2 f5 50. Kf2 f4 51. gxf4 Kxf4 52. Kg2 Kg4 53. Kh2 Kxh4 54. Kg2 Kg4 55. Kh2 h4 56. Kg2 g5 57. Kh2 Kh5 58. Kg2 g4 59. Kh2 Kg5 60. Kg2 g3 61. Kh3 Kh5 62. Kg2 Kg4 63. Kh1 h3 64. Kg1 Kf3 65. Kh1 Ke4 66. Kg1 h2+ 67. Kh1 Kf4 68. Kg2 h1=N 69. Kxh1 Kf3 70. Kg1 g2 71. Kh2 Kf2 0-1

[Event "January 2 Late 2024"]
[Site "https://www.chess.com"]
[Date "2024.01.02"]
[Round "1"]
[White "Ozates, Tuna"]
[Black "Korol, Dimitry"]
[Result "1-0"]
[Board "153"]
[TimeControl "180+1"]
[WhiteFideId "6354521"]
[BlackFideId "14108003"]
[WhiteElo "2643"]
[BlackElo "2323"]
[WhiteTeam "TUR"]
[BlackTeam "UKR"]
[WhiteClock "0:00:12"]
[BlackClock "0:00:00"]

1. e4 c5 2. Nf3 d6 3. Bb5+ Nd7 4. O-O Nf6 5. Re1 a6 6. Bf1 e5 7. c3 Be7 8. d4 O-O 9. Nbd2 Qc7 10. dxe5 dxe5 11. Nc4 Re8 12. Bg5 b5 13. Ne3 Bb7 14. Nd5 Nxd5 15. exd5 Bd6 16. h3 c4 17. Nh4 f6 18. Be3 Rad8 19. Nf5 Bf8 20. b3 Nb6 21. bxc4 Nxc4 22. Qg4 Kh8 23. Rad1 Bxd5 24. a4 Be6 25. Qf3 Rxd1 26. Rxd1 Rd8 27. Ra1 Bxf5 28. Qxf5 Nxe3 29. fxe3 Qxc3 30. Rb1 Qxe3+ 31. Kh1 Bc5 32. Kh2 Qg1+ 33. Kg3 Be3 34. axb5 Bf4+ 35. Kg4 Qf2 36. Rb3 Qxf1 37. g3 Qd1+ 38. Rf3 1-0

[Event "January 2 Late 2024"]
[Site "https://www.chess.com"]
[Date "2024.01.02"]
[Round "1"]
[White "Travadon, Loic"]
[Black "Keleberda, Tymur"]
[Result "0-1"]
[Board "154"]
[TimeControl "180+1"]
[WhiteFideId "26092131"]
[BlackFideId "14174294"]
[WhiteElo "2323"]
[BlackElo "2641"]
[WhiteTeam "FRA"]
[BlackTeam "CAN"]
[WhiteClock "0:00:03"]
[BlackClock "0:00:12"]

1. e4 c5 2. Nc3 d6 3. Nf3 Nf6 4. d4 cxd4 5. Nxd4 a6 6. Be2 e5 7. Nb3 Be7 8. Be3 O-O 9. g4 Be6 10. g5 Nfd7 11. h4 Nc6 12. Nd5 a5 13. a4 Bxd5 14. exd5 Nb4 15. c3 Na6 16. Qd2 f5 17. f4 Qc7 18. O-O Ndc5 19. Nxc5 Nxc5 20. Bxc5 Qxc5+ 21. Kg2 e4 22. Qd4 Rfc8 23. Qxc5 Rxc5 24. Rfd1 Rac8 25. Kf2 g6 26. h5 Bf8 27. h6 Be7 28. Ke3 Bd8 29. Bb5 Bb6 30. Ke2 R8c7 31. c4 Kf7 32. Rdb1 Ke7 33. b4 axb4 34. a5 Ba7 35. Rxb4 Kd8 36. Rab1 e3 37. Ra4 Re7 38. a6 Rcc7 39. axb7 Rxb7 40. Ra6 Bc5 41. Ra8+ Kc7 42. Rh8 Ra7 43. Bc6 Bb6 44. Rb2 Ra1 45. Rg8 Rh1 46. Rg7 Rxg7 47. hxg7 Rh2+ 48. Kd3 Rxb2 49. g8=Q Rd2+ 50. Kc3 Ba5+ 51. Kb3 e2 52. Qf7+ Kb6 53. Qb7+ Kc5 54. Qa7+ Bb6 55. Qa3+ Kd4 56. Qa1+ Ke4 57. Qb1+ Kxf4 58. Kc3 Ba5+ 59. Kb3 e1=Q 60. Qxe1 Rd3+ 61. Kc2 Bxe1 62. Kxd3 Bf2 63. c5 Bxc5 64. Kc4 Kxg5 65. Kd3 Kf4 66. Ke2 h5 67. Kf1 h4 68. Kg2 g5 69. Bd7 g4 70. Be6 h3+ 71. Kh1 Bd4 72. Bd7 Be5 73. Bb5 Kg5 74. Be2 f4 75. Bd3 Kh4 76. Kg1 g3 77. Kh1 g2+ 78. Kh2 f3+ 79. Kg1 Bd4+ 80. Kh2 g1=Q# 0-1

[Event "January 2 Late 2024"]
[Site "https://www.chess.com"]
[Date "2024.01.02"]
[Round "1"]
[White "Rojas Alarcon, Julian Antonio"]
[Black "Romero Ruscalleda, Josep"]
[Result "1-0"]
[Board "155"]
[TimeControl "180+1"]
[WhiteFideId "5107407"]
[BlackFideId "2231859"]
[WhiteElo "2641"]
[BlackElo "2320"]
[WhiteTeam "MEX"]
[BlackTeam "ESP"]
[WhiteClock "0:00:40"]
[BlackClock "0:00:00"]

1. d4 g6 2. Nc3 Bg7 3. Bf4 d6 4. e4 Nc6 5. Nf3 Bg4 6. d5 Nd4 7. Be3 Nxf3+ 8. gxf3 Bd7 9. Qd2 e5 10. dxe6 Bxe6 11. O-O-O Ne7 12. h4 h5 13. Bd4 Bh6 14. f4 Rg8 15. Rg1 Nc6 16. Be3 Qxh4 17. f5 Bxe3 18. Qxe3 Bd7 19. Bc4 Ne5 20. Be2 Ng4 21. Bxg4 hxg4 22. Nd5 Kd8 23. e5 gxf5 24. Rh1 Qg5 25. Qxg5+ Rxg5 26. exd6 cxd6 27. Rh8+ Be8 28. Re1 Kd7 29. Nf6+ Kc6 30. Rexe8 Rxe8 31. Rxe8 f4 32. Rc8+ Kb6 33. Ne4 g3 34. fxg3 Re5 35. Nxd6 Re6 36. Nc4+ Ka6 37. gxf4 Re4 38. Ne5 Rxf4 39. b3 f6 40. Nd3 Rf1+ 41. Kd2 b6 42. a4 Kb7 43. Rf8 Kc6 44. b4 Kd5 45. b5 Kc4 46. Rf7 f5 47. Rxa7 f4 48. Ke2 Ra1 49. a5 bxa5 50. b6 Rb1 51. b7 Kc3 52. Nc5 1-0

[Event "January 2 Late 2024"]
[Site "https://www.chess.com"]
[Date "2024.01.02"]
[Round "1"]
[White "Arias Igual, Alejandro"]
[Black "Wadsworth, Matthew J"]
[Result "0-1"]
[Board "156"]
[TimeControl "180+1"]
[WhiteFideId "2254905"]
[BlackFideId "415804"]
[WhiteElo "2319"]
[BlackElo "2640"]
[WhiteTeam "ESP"]
[BlackTeam "ENG"]
[WhiteClock "0:00:00"]
[BlackClock "0:00:46"]

1. e4 c5 2. Nf3 e6 3. g3 Nc6 4. Bg2 Nf6 5. Nc3 d5 6. exd5 exd5 7. d4 cxd4 8. Nxd4 Bg4 9. Nxc6 bxc6 10. Qd3 Qe7+ 11. Be3 Qb4 12. O-O Be7 13. a3 Qb7 14. b4 O-O 15. Na4 a5 16. Nb6 Ra6 17. bxa5 Rxa5 18. Rfb1 Qa6 19. Qxa6 Rxa6 20. a4 Bf5 21. Bf1 Ra5 22. Bd2 Ra7 23. a5 Ne4 24. Be1 Bc5 25. Na4 Bd4 26. c3 Bf6 27. f3 Ng5 28. Rb6 Nxf3+ 29. Kf2 Nxe1 30. Rxe1 Rxa5 31. Nb2 Bxc3 32. Rd1 Ra2 0-1

[Event "January 2 Late 2024"]
[Site "https://www.chess.com"]
[Date "2024.01.02"]
[Round "1"]
[White "Bjelobrk, Igor"]
[Black "Achuthan, Aryan"]
[Result "1-0"]
[Board "157"]
[TimeControl "180+1"]
[WhiteFideId "4300726"]
[BlackFideId "30982294"]
[WhiteElo "2638"]
[BlackElo "2317"]
[WhiteTeam "AUS"]
[BlackTeam "USA"]
[WhiteClock "0:00:31"]
[BlackClock "0:00:07"]

1. d4 d5 2. c4 e6 3. Nf3 Be7 4. g3 Nf6 5. Bg2 O-O 6. O-O dxc4 7. Qc2 Bd7 8. Rd1 Bc6 9. Nc3 a6 10. e4 b5 11. d5 exd5 12. e5 Nfd7 13. Nxd5 Bxd5 14. Rxd5 c6 15. Rd1 Qc8 16. Bh3 Qb7 17. Bg5 Re8 18. Bxe7 Rxe7 19. Ng5 Nf8 20. f4 h6 21. Ne4 Nbd7 22. Qf2 Qb6 23. Qxb6 Nxb6 24. Rd6 Rc7 25. Nc5 Nd5 26. Bg2 a5 27. Re1 Re8 28. Bxd5 cxd5 29. Rxd5 Ra8 30. Ne4 b4 31. Rc1 Ne6 32. f5 Ng5 33. Nxg5 hxg5 34. Kf2 a4 35. Ke3 b3 36. axb3 axb3 37. Kd4 Ra2 38. Kc3 g6 39. f6 Rc8 40. Rcd1 Raa8 41. R1d4 Ra4 42. Rd8+ Rxd8 43. Rxd8+ Kh7 44. Rf8 Ra1 45. Rxf7+ Kg8 46. Rg7+ Kf8 47. Kxc4 Rh1 48. e6 Rxh2 49. e7+ Ke8 50. Rg8+ Kf7 51. e8=Q+ Kxf6 52. Qxg6+ Ke5 53. Re8# 1-0

[Event "January 2 Late 2024"]
[Site "https://www.chess.com"]
[Date "2024.01.02"]
[Round "1"]
[White "Mazzilli, Piero"]
[Black "Aldokhin, Ivan"]
[Result "1-0"]
[Board "158"]
[TimeControl "180+1"]
[WhiteFideId "807087"]
[BlackFideId "24115720"]
[WhiteElo "2317"]
[BlackElo "2637"]
[WhiteTeam "ITA"]
[BlackTeam "RUS"]
[WhiteClock "0:00:16"]
[BlackClock "0:00:00"]

1. e4 c5 2. c3 d5 3. exd5 Qxd5 4. d4 Nf6 5. Nf3 e6 6. Be2 cxd4 7. cxd4 Nc6 8. O-O Be7 9. Nc3 Qd6 10. Nb5 Qd8 11. Bf4 Nd5 12. Bg3 a6 13. Nc3 O-O 14. Rc1 Nxc3 15. bxc3 b5 16. c4 bxc4 17. Bxc4 Bb7 18. d5 exd5 19. Qxd5 Rc8 20. Rfe1 Ba3 21. Rb1 Na5 22. Rxb7 Nxb7 23. Qxb7 Rxc4 24. Qb3 Bb4 25. Qxc4 Bxe1 26. Nxe1 Qd1 27. f3 a5 28. Qc2 Qxc2 29. Nxc2 Rc8 30. Ne3 Rc1+ 31. Kf2 Ra1 32. Be5 Rxa2+ 33. Kg3 Re2 34. Nc4 a4 35. Bd6 f6 36. h4 Kf7 37. Na3 Rd2 38. Bb4 Rb2 39. Bc5 Ke6 40. h5 g5 41. h6 Rb3 42. Kg4 1-0

[Event "January 2 Late 2024"]
[Site "https://www.chess.com"]
[Date "2024.01.02"]
[Round "1"]
[White "Lizak, Peter"]
[Black "Kujawski, Adam"]
[Result "0-1"]
[Board "159"]
[TimeControl "180+1"]
[WhiteFideId "731595"]
[BlackFideId "1100920"]
[WhiteElo "2635"]
[BlackElo "2315"]
[WhiteTeam "HUN"]
[BlackTeam "POL"]
[WhiteClock "0:00:00"]
[BlackClock "0:00:03"]

1. d4 Nf6 2. Nc3 d5 3. Bf4 a6 4. e3 e6 5. g4 Be7 6. g5 Nfd7 7. h4 c5 8. Nf3 Nc6 9. Bh3 Qb6 10. Rb1 O-O 11. h5 cxd4 12. exd4 e5 13. dxe5 d4 14. Ne4 Ndxe5 15. Kf1 Bxh3+ 16. Rxh3 f5 17. Ng3 Bd6 18. Nxe5 Bxe5 19. Ne2 Qb5 20. Rb3 Qd5 21. Kg1 Qe4 22. Bxe5 Nxe5 23. Ng3 Qh4 24. g6 f4 25. Qxd4 Ng4 26. Nf1 hxg6 27. hxg6 Nf6 28. Qc4+ Kh8 29. Qe6 Rae8 0-1

[Event "January 2 Late 2024"]
[Site "https://www.chess.com"]
[Date "2024.01.02"]
[Round "1"]
[White "Silvestre, Christian"]
[Black "Coca Cubillos, Jesus Alberto"]
[Result "1-0"]
[Board "160"]
[TimeControl "180+1"]
[WhiteFideId "30956269"]
[BlackFideId "4462912"]
[WhiteElo "2312"]
[BlackElo "2635"]
[WhiteTeam "USA"]
[BlackTeam "COL"]
[WhiteClock "0:00:18"]
[BlackClock "0:01:38"]

1. e4 g6 2. d4 Bg7 3. Nf3 d6 4. Bc4 Nh6 5. Qe2 Bg4 6. c3 O-O 7. h3 Bxf3 8. Qxf3 Nc6 9. g4 e5 10. g5 exd4 11. gxh6 Be5 12. h4 Kh8 13. h5 Qe7 14. Kd1 Rad8 15. Rg1 a6 16. Bg5 f6 17. Bd2 g5 18. Bd5 dxc3 19. bxc3 Nb8 20. Na3 c6 21. Bb3 Nd7 22. Nc4 Nc5 23. Bc2 b5 24. Ne3 Qe6 25. Nf5 d5 26. Ng7 Qe7 27. exd5 Rxd5 28. Qf5 Rfd8 29. Qxh7# 1-0

[Event "January 2 Late 2024"]
[Site "https://www.chess.com"]
[Date "2024.01.02"]
[Round "1"]
[White "Martin Fuentes, Alberto"]
[Black "Fernandez Siles, Luis"]
[Result "1-0"]
[Board "161"]
[TimeControl "180+1"]
[WhiteFideId "2292289"]
[BlackFideId "2209420"]
[WhiteElo "2634"]
[BlackElo "2311"]
[WhiteTeam "ESP"]
[BlackTeam "ESP"]
[WhiteClock "0:01:12"]
[BlackClock "0:00:02"]

1. e4 c5 2. Nc3 g6 3. g3 Bg7 4. Bg2 Nc6 5. d3 d6 6. Be3 Rb8 7. Qd2 Nd4 8. Nd1 h5 9. c3 Nc6 10. h3 b6 11. Ne2 Ba6 12. O-O Ne5 13. Nc1 Nf6 14. f4 Ned7 15. Ne2 e6 16. Nf2 Qe7 17. Rfe1 O-O 18. d4 cxd4 19. Nxd4 Rfc8 20. Rad1 Nc5 21. Nb3 Rd8 22. Bd4 e5 23. Be3 exf4 24. Bxf4 Ne8 25. Nd4 Rbc8 26. Bg5 Bf6 27. Bxf6 Nxf6 28. e5 dxe5 29. Nc6 Rxd2 30. Nxe7+ Kf8 31. Nxg6+ fxg6 32. Rxd2 e4 33. b4 Na4 34. Nxe4 Nxe4 35. Bxe4 Rxc3 36. Bxg6 Rxg3+ 37. Rg2 Rxg2+ 38. Kxg2 Bb7+ 39. Kg3 Nc3 40. a3 Kg7 41. Bxh5 Nb5 42. Re3 Nd4 43. Bg4 Kf6 44. Rc3 1-0

[Event "January 2 Late 2024"]
[Site "https://www.chess.com"]
[Date "2024.01.02"]
[Round "1"]
[White "Kornyukov, Alexey"]
[Black "Caspi, Israel"]
[Result "0-1"]
[Board "162"]
[TimeControl "180+1"]
[WhiteFideId "4150457"]
[BlackFideId "2807394"]
[WhiteElo "2309"]
[BlackElo "2633"]
[WhiteTeam "RUS"]
[BlackTeam "ISR"]
[WhiteClock "0:00:00"]
[BlackClock "0:00:23"]

1. d4 f5 2. g3 Nf6 3. Bg2 g6 4. c3 Bg7 5. Qb3 Nc6 6. Nh3 d5 7. O-O O-O 8. Nd2 a5 9. a4 Kh8 10. Nf3 Ne4 11. Bf4 b6 12. Rad1 Ba6 13. Rfe1 Rc8 14. Nhg5 Qd7 15. h4 h6 16. Nh3 e6 17. Ne5 Nxe5 18. Bxe5 c5 19. f3 Nf6 20. Qxb6 Rc6 21. Qb3 Nh5 22. Nf4 Nxf4 23. Bxf4 cxd4 24. cxd4 Bc4 25. Qe3 Kh7 26. Be5 Rfc8 27. Bxg7 Qxg7 28. Rc1 Ba6 29. Rc3 Rxc3 30. bxc3 Rc6 31. Kh2 Qc7 32. Rb1 Bc8 33. Rb3 Bd7 34. Qd3 Rc4 35. e4 Bxa4 36. Ra3 Bc6 37. exf5 exf5 38. h5 Be8 39. Bh3 f4 40. hxg6+ Bxg6 41. Bf5 fxg3+ 42. Kg2 Rc6 43. Bxg6+ Rxg6 44. Qf5 Qe7 45. Ra2 Qh4 46. Qf7+ Rg7 47. Qf5+ Kh8 48. Qf8+ Rg8 49. Qd6 Qh2+ 50. Kf1 g2+ 51. Ke2 Qxd6 52. Kd3 g1=Q 0-1

[Event "January 2 Late 2024"]
[Site "https://www.chess.com"]
[Date "2024.01.02"]
[Round "1"]
[White "Hajiyev, Kanan"]
[Black "SkinnyPuppy8"]
[Result "1-0"]
[Board "163"]
[TimeControl "180+1"]
[WhiteFideId "13404148"]
[WhiteElo "2633"]
[BlackElo "2306"]
[WhiteTeam "AZE"]
[WhiteClock "0:01:19"]
[BlackClock "0:01:08"]

1. d4 d5 2. Nf3 c6 3. c4 e6 4. Nc3 dxc4 5. a4 Bb4 6. g3 Nf6 7. Bg2 Nbd7 8. O-O O-O 9. Qc2 Bxc3 10. bxc3 Nb6 11. e4 Re8 12. a5 Nbd7 13. e5 Nd5 14. Bg5 f6 15. exf6 gxf6 16. Bh6 Nf8 17. Nd2 Qe7 18. Nxc4 Qf7 19. Be4 Qh5 20. Bd2 f5 21. Bd3 Ng6 22. Qd1 Qh3 23. Re1 Re7 24. Bf1 Qg4 25. Qxg4 fxg4 26. Rab1 b5 27. axb6 axb6 28. Nxb6 Rb8 29. Nxd5 Rxb1 30. Nxe7+ Nxe7 31. Rxb1 Kf7 32. Be2 h5 33. h3 1-0

[Event "January 2 Late 2024"]
[Site "https://www.chess.com"]
[Date "2024.01.02"]
[Round "1"]
[White "Ardila, Oscar Humberto"]
[Black "Zavgorodniy, Sergiy"]
[Result "1/2-1/2"]
[Board "164"]
[TimeControl "180+1"]
[WhiteFideId "4404742"]
[BlackFideId "14110148"]
[WhiteElo "2305"]
[BlackElo "2632"]
[WhiteTeam "COL"]
[BlackTeam "UKR"]
[WhiteClock "0:00:58"]
[BlackClock "0:00:55"]

1. d4 d5 2. c3 Nf6 3. Nf3 Bf5 4. Bf4 e6 5. Nbd2 c5 6. e3 a6 7. Nh4 Bg4 8. Nhf3 Nc6 9. h3 Bh5 10. Be2 Bd6 11. Bxd6 Qxd6 12. O-O O-O 13. Rc1 Rfd8 14. b3 Rac8 15. Ne1 Bxe2 16. Qxe2 b5 17. Qf3 e5 18. dxe5 Nxe5 19. Qe2 Ne4 20. Ndf3 Nxf3+ 21. Nxf3 Rd7 22. Rfd1 Rcd8 23. a4 Qb6 24. axb5 axb5 25. Ne5 Rd6 26. b4 h6 27. Nd3 Rc8 28. f3 c4 29. Nf4 Nf6 30. Qf2 Rcd8 31. Rd4 1/2-1/2

[Event "January 2 Late 2024"]
[Site "https://www.chess.com"]
[Date "2024.01.02"]
[Round "1"]
[White "CamillaEffect"]
[Black "Fernandez Hernandez, Gerardo"]
[Result "1/2-1/2"]
[Board "165"]
[TimeControl "180+1"]
[BlackFideId "2207400"]
[WhiteElo "2630"]
[BlackElo "2305"]
[BlackTeam "ESP"]
[WhiteClock "0:00:02"]
[BlackClock "0:00:10"]

1. e4 e6 2. d4 d5 3. e5 c5 4. c3 Nc6 5. Nf3 Qb6 6. a3 f6 7. b4 fxe5 8. dxe5 c4 9. Be3 Qc7 10. Bd4 g6 11. h4 h6 12. g3 Bg7 13. Qe2 Nge7 14. Bh3 Bd7 15. Nbd2 O-O-O 16. O-O Rdf8 17. Rfe1 Nf5 18. Bc5 Rf7 19. Bxf5 gxf5 20. Bd6 Qb6 21. a4 Qd8 22. b5 Na5 23. Nd4 h5 24. f4 Bf8 25. N2f3 Rg7 26. Ng5 Rh6 27. Kh2 Be7 28. Ngf3 Rhg6 29. Rg1 b6 30. Bb4 Qf8 31. Bxa5 bxa5 32. Ng5 Rh6 33. Qe3 Bc5 34. Rab1 Bb6 35. Rgd1 Qc5 36. Qf3 Qa3 37. Ra1 Qf8 38. Qe2 Qc5 39. Qf2 Qf8 40. Ra2 Qc5 41. Rdd2 Qf8 42. Qf3 Qc5 43. Qd1 Qf8 44. Re2 Qe7 45. Qd2 Qd8 46. Qd1 Bc5 47. Red2 Qb6 48. Rac2 Qc7 49. Qf3 Qb6 50. Rc1 Qc7 51. Re1 Qb6 52. Ree2 Qc7 53. Re1 Qb6 54. Red1 Qc7 55. Qe2 Qb6 56. Ngf3 Rhg6 57. Ng5 Rh6 58. Nc2 Qc7 59. Qe1 Qb6 60. Qe2 Qc7 61. Nd4 Qb6 1/2-1/2

[Event "January 2 Late 2024"]
[Site "https://www.chess.com"]
[Date "2024.01.02"]
[Round "1"]
[White "Zampronha, Wladimir Camilo"]
[Black "Espinoza Villanueva, Rodrigo"]
[Result "0-1"]
[Board "166"]
[TimeControl "180+1"]
[WhiteFideId "2103087"]
[BlackFideId "5140188"]
[WhiteElo "2305"]
[BlackElo "2629"]
[WhiteTeam "BRA"]
[BlackTeam "MEX"]
[WhiteClock "0:00:16"]
[BlackClock "0:01:00"]

1. e4 c5 2. Nf3 d6 3. d4 cxd4 4. Nxd4 Nf6 5. Nc3 a6 6. Bg5 e6 7. f4 Qb6 8. Qd2 Be7 9. O-O-O Nbd7 10. Nf3 h6 11. Bxf6 Nxf6 12. e5 dxe5 13. fxe5 Ng4 14. Ne4 O-O 15. Kb1 Qe3 16. Bd3 Qxd2 17. Rxd2 Ne3 18. Nd6 b6 19. Be4 Ra7 20. Nd4 Bd7 21. b3 f5 22. Bc6 Bxd6 23. exd6 e5 24. Bxd7 Rxd7 25. Ne6 e4 26. Nxf8 Kxf8 27. g3 Kf7 28. Re1 Ng4 29. c4 Kf6 30. Kc2 Ne5 31. Kc3 Nf3 32. Red1 Nxd2 33. Rxd2 Ke5 34. b4 Rxd6 35. Rxd6 Kxd6 36. Kd4 g5 37. g4 fxg4 38. Kxe4 h5 39. Kf5 g3 40. hxg3 h4 41. gxh4 gxh4 42. Kg4 Ke5 43. Kxh4 Kd4 44. c5 bxc5 45. bxc5 Kxc5 46. Kg3 Kb4 47. Kf3 Ka3 48. Ke3 Kxa2 49. Kd3 Kb3 50. Kd2 Kb2 51. Kd3 a5 52. Kc4 a4 53. Kb4 a3 0-1

[Event "January 2 Late 2024"]
[Site "https://www.chess.com"]
[Date "2024.01.02"]
[Round "1"]
[White "Antunez Soler, Luis"]
[Black "Biernacki, Mark"]
[Result "1/2-1/2"]
[Board "167"]
[TimeControl "180+1"]
[WhiteFideId "3513335"]
[BlackFideId "2082322"]
[WhiteElo "2629"]
[BlackElo "2298"]
[WhiteTeam "CUB"]
[BlackTeam "USA"]
[WhiteClock "0:00:08"]
[BlackClock "0:00:08"]

1. e4 c6 2. d4 d5 3. Nc3 dxe4 4. Nxe4 Nf6 5. Nxf6+ exf6 6. c3 Bd6 7. Bd3 Na6 8. Qc2 Nc7 9. Ne2 h5 10. Bd2 Kf8 11. O-O-O g6 12. h3 Kg7 13. g4 hxg4 14. hxg4 Bxg4 15. Rhg1 Bh5 16. Rde1 Nd5 17. a3 b5 18. Ng3 Bxg3 19. Rxg3 Qd6 20. Reg1 Nf4 21. Bf1 Rae8 22. Kb1 Ne2 23. Bxe2 Rxe2 24. f3 Rhe8 25. Rh3 Rh8 26. Bh6+ Rxh6 27. Qxe2 Qf4 28. Qe4 Qd2 29. Qxc6 g5 30. Ka1 Qe3 31. Rf1 Qe2 32. Rg1 Qe3 33. Rd1 Qe2 34. Rc1 Qe3 35. Rb1 Qd3 36. Qe4 Bg6 37. Qxd3 Bxd3 38. Rxh6 Kxh6 39. Rg1 Be2 40. Rg3 f5 41. Kb1 f4 42. Rh3+ Kg6 43. Kc1 f5 44. Kd2 Bc4 45. Rh2 g4 46. Rg2 g3 47. Rg1 Bd5 48. Ke2 Kg5 49. Rh1 Bc4+ 50. Kd2 Bd5 51. Ke2 Bc4+ 52. Kd2 Bd5 53. Ke2 1/2-1/2

[Event "January 2 Late 2024"]
[Site "https://www.chess.com"]
[Date "2024.01.02"]
[Round "1"]
[White "Skaric, Djuro"]
[Black "Brown_Mamba24"]
[Result "0-1"]
[Board "168"]
[TimeControl "180+1"]
[WhiteFideId "934569"]
[WhiteElo "2294"]
[BlackElo "2625"]
[WhiteTeam "SRB"]
[WhiteClock "0:00:13"]
[BlackClock "0:00:03"]

1. g3 d5 2. Bg2 c5 3. d3 Nf6 4. Nf3 g6 5. O-O Bg7 6. h3 O-O 7. Nc3 Nc6 8. e4 d4 9. Ne2 e5 10. Ne1 c4 11. f4 c3 12. b3 b5 13. a3 a5 14. Nf3 Nd7 15. f5 Qe8 16. g4 f6 17. Ng3 g5 18. h4 h6 19. Nh5 Rf7 20. hxg5 hxg5 21. Bxg5 fxg5 22. Nxg5 Bh6 23. Ne6 Be3+ 24. Kh2 Nf6 25. Nxf6+ Rxf6 26. g5 Rxe6 27. fxe6 Bf4+ 28. Kh1 Bxe6 29. Qf3 Kg7 30. Bh3 Bxh3 31. Qxh3 Qg6 32. Kg2 Ne7 33. Rh1 Rf8 34. Rag1 Be3 35. Rf1 Qxg5+ 36. Qg3 Qxg3+ 37. Kxg3 Bf4+ 38. Kg4 Rf6 39. Rhg1 Ng6 40. Kh5 Kh7 41. Rh1 Kg7 42. Rhg1 Kf7 43. Rh1 Nf8 44. Kg4 Kg7 45. Kf3 Rg6 46. Rfg1 Rxg1 47. Rxg1+ Ng6 48. Kg4 Kf6 49. Rh1 Bd2 50. Rh7 Ne7 51. a4 bxa4 52. bxa4 Ke6 53. Rh6+ Kd7 54. Rb6 Nc6 55. Rb5 Kd6 56. Kf5 Bc1 57. Rd5+ Kc7 58. Ke6 Ba3 59. Rd7+ Kb6 60. Kd5 Nb4+ 61. Kxe5 Nxc2 62. Rd8 Kc7 63. Ra8 Ne1 64. Ra7+ Kb6 65. Ra8 c2 66. Rc8 Nxd3+ 67. Kxd4 Nc5 68. Rb8+ Kc7 69. Rb5 c1=Q 70. Kd5 Qd2+ 71. Ke5 Qc3+ 72. Kf5 Qc4 73. Rxa5 Qxe4+ 74. Kf6 Qd4+ 75. Kf7 Qc4+ 76. Kf6 Nd7+ 77. Kg6 Qe4+ 78. Rf5 Nf8+ 79. Kg5 Be7+ 80. Kh6 Qxf5 81. Kg7 Qf6+ 82. Kg8 Qg6+ 83. Kh8 Qh7# 0-1

[Event "January 2 Late 2024"]
[Site "https://www.chess.com"]
[Date "2024.01.02"]
[Round "1"]
[White "Lamaze, Simon"]
[Black "Lalanne, Pablo"]
[Result "1-0"]
[Board "169"]
[TimeControl "180+1"]
[WhiteFideId "36069264"]
[BlackFideId "112151"]
[WhiteElo "2622"]
[BlackElo "2294"]
[WhiteTeam "FRA"]
[BlackTeam "ARG"]
[WhiteClock "0:01:09"]
[BlackClock "0:00:08"]

1. e4 c5 2. Nf3 d6 3. d4 cxd4 4. Nxd4 Nf6 5. Nc3 Nc6 6. Bg5 e6 7. Bb5 Bd7 8. Qd3 Be7 9. O-O-O O-O 10. Rhe1 Qc7 11. Bxc6 bxc6 12. e5 dxe5 13. Nf3 Rfd8 14. Nxe5 Be8 15. Qe2 Nd5 16. Bxe7 Nxc3 17. bxc3 Qxe7 18. Rd3 Qa3+ 19. Kd2 Qxa2 20. f4 Rd5 21. Rxd5 Qxd5+ 22. Nd3 c5 23. Qe4 Qd6 24. Qe5 Rd8 25. Qxd6 Rxd6 26. Kc1 Bc6 27. g3 c4 28. Ne5 Bd5 29. Rd1 Ra6 30. Rd4 Ra1+ 31. Kb2 Rh1 32. Nxc4 Rxh2 33. Ne5 f6 34. Nd3 Rg2 35. c4 Bc6 36. Rd6 Be4 37. Nb4 Kf7 38. Rd7+ Kg6 39. Rxa7 Rxg3 40. c5 h5 41. c6 e5 42. c7 Bf5 43. Nd5 Kh6 44. fxe5 fxe5 45. Ne7 Be6 46. Ra6 1-0

[Event "January 2 Late 2024"]
[Site "https://www.chess.com"]
[Date "2024.01.02"]
[Round "1"]
[White "Nechitaylo, Nikita"]
[Black "Veljanoski, Andrej"]
[Result "0-1"]
[Board "170"]
[TimeControl "180+1"]
[WhiteFideId "34138161"]
[BlackFideId "15003604"]
[WhiteElo "2293"]
[BlackElo "2621"]
[WhiteTeam "UKR"]
[BlackTeam "MKD"]
[WhiteClock "0:00:00"]
[BlackClock "0:00:21"]

1. d4 b6 2. e4 Bb7 3. Nc3 g6 4. Nf3 Bg7 5. Bc4 e6 6. O-O Ne7 7. Bg5 h6 8. Bh4 O-O 9. d5 g5 10. Bg3 Ng6 11. Nb5 e5 12. d6 Na6 13. dxc7 Nxc7 14. Nd6 Bc6 15. Re1 Ne6 16. Nf5 Qf6 17. Qd6 Nd4 18. Nxh6+ Kh7 19. Qxf6 Bxf6 20. Nxd4 exd4 21. Nxf7 b5 22. Bb3 a5 23. Nd6 Ne5 24. Bd5 d3 25. c3 Ra6 26. Bxc6 dxc6 27. Nf5 c5 28. Rad1 c4 29. Bxe5 Bxe5 30. Re3 Kg6 31. Rh3 Rh8 32. Rxh8 Bxh8 33. Ne7+ Kf7 34. Nd5 b4 35. cxb4 axb4 36. Nxb4 Rb6 37. a3 Bxb2 38. Nd5 Rc6 39. a4 c3 40. Nxc3 Rxc3 41. g3 Ke6 42. Kg2 Ke5 43. a5 Bc1 44. a6 d2 45. a7 Ra3 46. f4+ gxf4 47. gxf4+ Kxe4 48. Rf1 Rxa7 49. f5 Rg7+ 50. Kf2 Rh7 51. Ke2 Rxh2+ 52. Kd1 Rh7 53. f6 Rf7 54. Ke2 Ke5 55. Kd1 Rxf6 0-1

[Event "January 2 Late 2024"]
[Site "https://www.chess.com"]
[Date "2024.01.02"]
[Round "1"]
[White "Gontcharov, Vladislav"]
[Black "Copeland, Samuel"]
[Result "0-1"]
[Board "171"]
[TimeControl "180+1"]
[WhiteFideId "4123492"]
[BlackFideId "2007347"]
[WhiteElo "2621"]
[BlackElo "2293"]
[WhiteTeam "RUS"]
[BlackTeam "USA"]
[WhiteClock "0:00:00"]
[BlackClock "0:00:29"]

1. e4 c6 2. d4 d5 3. e5 c5 4. Nf3 cxd4 5. Nxd4 Nc6 6. Bb5 Qc7 7. O-O e6 8. Bf4 Bd7 9. Bxc6 bxc6 10. c3 Rb8 11. b4 c5 12. bxc5 Bxc5 13. Nd2 Ne7 14. N2b3 Bb6 15. Rc1 O-O 16. h4 a5 17. h5 a4 18. Nd2 h6 19. Qg4 Kh7 20. N2f3 Qc4 21. Bd2 Qxa2 22. c4 Bxd4 23. Qxd4 Nf5 24. Qa7 Bc6 25. g4 dxc4 26. gxf5 Bxf3 27. Bc3 Bd5 28. Qd4 Qe2 29. fxe6 fxe6 30. Qh4 Qf3 31. Qh2 Rf4 0-1

[Event "January 2 Late 2024"]
[Site "https://www.chess.com"]
[Date "2024.01.02"]
[Round "1"]
[White "Gonzalez Zharikov, Andrey"]
[Black "Poltorak, Sebastian"]
[Result "0-1"]
[Board "172"]
[TimeControl "180+1"]
[WhiteFideId "5145287"]
[BlackFideId "1199498"]
[WhiteElo "2292"]
[BlackElo "2617"]
[WhiteTeam "MEX"]
[BlackTeam "POL"]
[WhiteClock "0:00:12"]
[BlackClock "0:00:12"]

1. e4 c6 2. Nc3 d5 3. Nf3 dxe4 4. Nxe4 Nf6 5. Nxf6+ exf6 6. Bc4 Bd6 7. Qe2+ Qe7 8. Qxe7+ Kxe7 9. O-O Be6 10. Re1 Nd7 11. d4 Rhe8 12. Bd2 Nb6 13. Bxe6 fxe6 14. b3 c5 15. c4 Kf7 16. Be3 Rac8 17. Rad1 Bf8 18. Nd2 cxd4 19. Bxd4 e5 20. Bxb6 axb6 21. Ne4 Red8 22. Kf1 Bb4 23. Rxd8 Rxd8 24. Ra1 f5 25. a3 Ra8 26. Ng3 g6 27. a4 Rd8 28. h4 Rd3 29. Rb1 Ke6 30. Ke2 Rd2+ 31. Kf1 h6 32. Ne2 g5 33. hxg5 hxg5 34. g3 e4 35. Ng1 f4 36. Re1 Kf5 37. g4+ Kxg4 38. Rxe4 Bc5 39. Re2 Rd3 40. f3+ Kf5 41. Rb2 Bxg1 42. Kxg1 Rxf3 43. Kg2 Rc3 0-1